 Dungeon Crawl Stone Soup version 0.30.0-29-ga12c61a403 (webtiles) character file.

Game seed: 13457270765262373365

2428 cheesebisquit the Purveyor of Pain (level 9, -2/80 HPs)
             Began as a Ghoul Necromancer on June 6, 2023.
             Was an Initiate of Kikubaaqudgha.
             Slain by a mummy (15 damage)
             ... in an ossuary on June 7, 2023.
             The game lasted 00:33:42 (8858 turns).

cheesebisquit the Purveyor of Pain (GhNe)           Turns: 8858, Time: 00:33:43

Health: -2/80      AC:  9    Str: 18    XL:     9   Next: 48%
Magic:  10/13      EV: 16    Int: 14    God:    Kikubaaqudgha [......]
Gold:   107        SH:  0    Dex:  9    Spells: 1/14 levels left

rFire   . . .        p - +0 war axe (flame)
rCold   + . .        (no shield)
rNeg    + + +        q - +0 ring mail
rPois   ∞            m - +0 helmet
rElec   .            (no cloak)
rCorr   .            B - +1 pair of gloves
SInv    .            (no boots)
Will    .....        (no amulet)
Stlth   +            g - +5 ring of evasion
HPRegen 0.00/turn    b - +6 ring of strength
MPRegen 0.13/turn

%: no passive effects
@: marked, inhibited regen
A: claws 1, cold resistance 1, negative energy resistance 3, inhibited
regeneration, torment resistance 2, devour on kill
a: Renounce Religion


You were in an ossuary.
You worshipped Kikubaaqudgha.
Kikubaaqudgha was noncommittal.
You visited 2 branches of the dungeon, and saw 9 of its levels.
You also visited: Ossuary.

You collected 385 gold pieces.
You spent 278 gold pieces at shops.

Inventory:

Hand Weapons
 p - a +0 war axe of flaming (weapon)
 t - the +8 sling of the Warrior {elec, rF+ rN+ Str+3}
   (You found it on level 4 of the Dungeon)

   Str:       It affects your strength (+3).
   rF:        It protects you from fire.
   rN:        It protects you from negative energy.
Missiles
 d - 9 boomerangs
 r - 22 poisoned darts
 x - a throwing net
 y - 3 javelins
 D - 2 curare-tipped darts
Armour
 m - a +0 helmet (worn)
 q - a +0 ring mail (worn)
 B - a +1 pair of gloves (worn)
Jewellery
 b - a +6 ring of strength (right hand)
 g - a +5 ring of evasion (left hand)
 n - a ring of flight
 s - an amulet of guardian spirit
 A - a ring of see invisible
Wands
 z - a wand of flame (15)
 I - a wand of iceblast (11)
Scrolls
 c - 5 scrolls of poison
 e - 4 scrolls of teleportation
 f - a scroll of fog {unknown}
 j - a scroll of silence
 l - a scroll of brand weapon
 w - a scroll of enchant armour {unknown}
 C - a scroll of enchant weapon {unknown}
 E - a scroll of acquirement {unknown}
 F - a scroll of noise {unknown}
 G - a scroll of immolation {unknown}
Potions
 h - 4 potions of curing
 i - a potion of lignification
 k - a potion of attraction
 o - 3 potions of mutation
 u - 3 potions of might
 v - a potion of degeneration {unknown}
 H - 3 potions of haste {unknown}
 J - a potion of flight {unknown}


   Skills:
 + Level 7.7 Fighting
 + Level 3.8 Ranged Weapons
 + Level 3.8 Armour
 - Level 1.7 Dodging
 - Level 2.1 Stealth
 + Level 3.4 Spellcasting
 + Level 8.2 Necromancy


You had one spell level left.
You knew the following spells:

 Your Spells              Type           Power      Damage    Failure   Level
a - Necrotise             Necr           100%       1d9       1%          1
b - Vampiric Draining     Necr           25%        2d7       3%          3
c - Animate Dead          Necr           25%        N/A       12%         4
d - Agony                 Necr           25%        N/A       32%         5

Your spell library contained the following spells:

 Spells                   Type           Power      Damage    Failure   Level
 Kiss of Death            Conj/Necr      52%        2d9       7%          1
 Slow                     Hex            8%         N/A       34%         1
 Cigotuvi's Dreadful Rot  Necr/Pois/Air  20%        N/A       17%         2
 Poisonous Vapours        Pois/Air       4%         N/A       47%         2
 Confusing Touch          Hex            2%         N/A       71%         3
 Ignite Poison            Fire/Tmut/Pois 2%         N/A       71%         3
 Mephitic Cloud           Conj/Pois/Air  2%         N/A       71%         3
 Freezing Cloud           Conj/Ice/Air   1%         6-21      100%        5
 Yara's Violent Unravell  Hex/Tmut       1%         3d3       100%        5


Dungeon Overview and Level Annotations

Branches:
Dungeon (8/15)             Temple (1/1) D:5         Ossuary (1/1)
   Lair: D:8-11

Altars:
Ashenzari
Cheibriados
Dithmenos
Fedhas
Gozag
Hepliaklqana
Kikubaaqudgha
Makhleb
Nemelex Xobeh
Okawaru
Qazlal
Ru
Sif Muna
Trog
Uskayaw
Vehumet
Wu Jian
Xom
Yredelemnul

Shops:
D:6 *   D:8 (

Annotations:
D:2 1 runed translucent door, Crazy Yiuf


Innate Abilities, Weirdness & Mutations

You are immune to poison.
You have sharp fingernails.
Your flesh is cold resistant. (rC+)
You are immune to negative energy. (rN+++)
You do not regenerate when monsters are visible.
You are immune to unholy pain and torment.
You thrive by killing the living.


Message History

The centaur zombie misses you. The centaur zombie hits you.
The centaur zombie kicks you but does no damage.
The centaur zombie closely misses you. x2
You slash the centaur zombie! You burn the centaur zombie.
You destroy the centaur zombie!
Kikubaaqudgha accepts your kill.
You hit the hobgoblin zombie. You burn the hobgoblin zombie.
You destroy the hobgoblin zombie!
Kikubaaqudgha accepts your kill.
You hit the centaur zombie but do no damage.
The centaur zombie closely misses you. The centaur zombie barely misses you.
Your ice beast zombie hits the centaur zombie.
The centaur zombie hits your ice beast zombie but does no damage.
The centaur zombie kicks your ice beast zombie but does no damage.
You strike the helpless centaur zombie from behind!
You slash the centaur zombie! You burn the centaur zombie.
You destroy the centaur zombie!
Kikubaaqudgha accepts your kill.
A mummy comes into view. x3
Your reaping aura is weakening.
The mummy hits you. The mummy hits you!
The mummy barely misses your ice beast zombie.
You hit the mummy. You burn the mummy.
The mummy is moderately damaged.
You hit the mummy. You burn the mummy.
Your ice beast zombie hits the mummy.
The mummy hits you! The mummy hits you but does no damage.
The mummy hits your ice beast zombie!
Your ice beast zombie hits the mummy.
The mummy hits you!
* * * LOW HITPOINT WARNING * * *
The mummy hits you!
* * * LOW HITPOINT WARNING * * *
Your ice beast zombie hits the mummy.
You hit the mummy but do no damage.
The mummy is heavily damaged.
You hit the mummy. You burn the mummy. You hit the mummy but do no damage.
Your reaping aura expires.
Your ice beast zombie hits the mummy.
The mummy hits you!
You die...
Kikubaaqudgha rasps: "You have failed me!
Welcome... oblivion!"

## #
###########.#.#.
##...............
#......M@........
#.....ZMM...^....
#................
##...............
###########.#.#.
## #


You could see 3 mummies and a friendly ice beast zombie.

Vanquished Creatures
  Sigmund (D:4)
  A shadow (D:7)
  An ice beast (Ossuary)
  A black bear (D:5)
  3 ogres (D:5)
  2 phantoms
  A kobold brigand (D:7)
  A bullfrog (D:5)
  A gnoll sergeant (D:6)
  2 scorpions
  3 wights (D:7)
  A water moccasin skeleton (D:3)
  3 howler monkeys (D:7)
  6 centaur zombies (Ossuary)
  3 hounds
  2 jellies
  An orc priest (D:6)
  A sleepcap (D:6)
  An iguana (D:5)
  4 orc wizards
  A scorpion zombie (D:3)
  Terence (D:2)
  A hound skeleton (D:3)
  3 mummies (Ossuary)
  5 gnolls
  4 adders
  A howler monkey skeleton (D:3)
  A shadow imp (D:6)
  2 white imps
  3 ufetubi
  2 adder skeletons (D:3)
  A worm (D:2)
  4 dart slugs
  19 orcs
  5 bats
  6 endoplasms
  4 giant cockroaches
  12 hobgoblins
  2 jackals (D:4)
  5 kobolds
  3 quokkas
  10 ball pythons
  2 ball python skeletons (D:3)
  A frilled lizard (D:3)
  8 goblins
  3 hobgoblin zombies (Ossuary)
  4 rats
152 creatures vanquished.

Vanquished Creatures (collateral kills)
  A scorpion (D:5)
  A centaur zombie (Ossuary)
  Robin (D:3)
  2 gnolls
  2 goblins (D:3)
  A frilled lizard (D:2)
8 creatures vanquished.

Grand Total: 160 creatures vanquished

Notes
Turn   | Place    | Note
-------+----------+-------------------------------------------
     0 | D:1      | cheesebisquit the Ghoul Necromancer began the quest for the
                  | Orb.
     0 | D:1      | Reached XP level 1. HP: 14/14 MP: 2/2
   105 | D:1      | Reached skill level 1 in Fighting
   105 | D:1      | Reached XP level 2. HP: 10/23 MP: 1/3
   644 | D:2      | Noticed Terence
   654 | D:2      | Killed Terence
   655 | D:2      | Reached XP level 3. HP: 19/29 MP: 0/4
  1385 | D:2      | Reached XP level 4. HP: 37/37 MP: 2/5
  1596 | D:2      | Found a runed translucent door.
  1597 | D:2      | Noticed Crazy Yiuf
  1787 | D:3      | Noticed Robin
  2091 | D:3      | Reached skill level 5 in Necromancy
  2091 | D:3      | Reached XP level 5. HP: 27/45 MP: 6/6
  2181 | D:3      | Found a blossoming altar of Fedhas.
  2422 | D:3      | Killed Robin
  2814 | D:3      | Reached XP level 6. HP: 37/52 MP: 7/7
  3544 | D:3      | Found a shimmering altar of Xom.
  3727 | D:4      | Identified the +8 sling of the Warrior {elec, rF+ rN+
                  | Str+3}
  3942 | D:4      | Noticed Sigmund
  3963 | D:4      | Killed Sigmund
  3964 | D:4      | Reached skill level 5 in Fighting
  3964 | D:4      | Reached skill level 6 in Necromancy
  4026 | D:4      | Reached XP level 7. HP: 61/61 MP: 4/8
  4511 | D:4      | Found an iron altar of Okawaru.
  5024 | D:4      | Learned a level 3 spell: Vampiric Draining
  5029 | D:4      | Learned a level 4 spell: Animate Dead
  5050 | D:5      | Entered Level 5 of the Dungeon
  5157 | D:5      | Reached skill level 7 in Necromancy
  5313 | D:5      | Reached skill level 1 in Ranged Weapons
  5313 | D:5      | Reached skill level 1 in Armour
  5384 | D:5      | Reached XP level 8. HP: 61/71 MP: 9/9
  5627 | D:5      | Found a staircase to the Ecumenical Temple.
  5665 | Temple   | Entered the Ecumenical Temple
  5844 | Temple   | Became a worshipper of Kikubaaqudgha
  6690 | D:6      | Found a snail-covered altar of Cheibriados.
  6828 | D:6      | Found Hekkat's Assorted Antiques.
  6841 | D:6      | Bought a scroll of identify for 42 gold pieces
  6842 | D:6      | Bought a scroll labelled CEMMEEMIHOG for 21 gold pieces
  6842 | D:6      | Bought a scroll labelled NAPUARA ZAATICICS for 21 gold
                  | pieces
  6842 | D:6      | Bought a pair of runed gloves for 157 gold pieces
  7976 | D:7      | Got the Vademecum on Spellbinding and Blight
  8030 | D:6      | Bought 2 brown potions for 37 gold pieces
  8113 | D:7      | Reached XP level 9. HP: 70/79 MP: 1/12
  8464 | D:7      | Reached skill level 8 in Necromancy
  8470 | D:7      | Learned a level 5 spell: Agony
  8746 | D:8      | Found Fitu's Antique Weapon Emporium.
  8787 | D:8      | Found a sand-covered staircase.
  8795 | Ossuary  | Entered an ossuary
  8797 | Ossuary  | Reached * piety under Kikubaaqudgha
  8797 | Ossuary  | Received a gift from Kikubaaqudgha
  8858 | Ossuary  | Slain by a mummy

Illustrated notes

Levels and vault maps discovered:
D:1:      minmay_arrival_four_loops, layout_rooms
D:2:      layout_basic, uniq_crazy_yiuf_cottage, uniq_terence
D:3:      layout_basic, mainiacjoe_overflow_large_starburst, serial_undead,
          serial_undead_c, serial_undead_d, serial_undead_e, serial_undead_c,
          serial_undead_d, uniq_robin
D:4:      layout_basic, old_standard_altar, uniq_sigmund
D:5:      layout_basic, minmay_temple_entry_statues, serial_glass,
          glass_columns_a, glass_columns_c, glass_columns_a, glass_columns_a,
          glass_columns_a, glass_columns_c
D:6:      layout_loops_corners, mainiacjoe_overflow_concentric_impassable,
          serial_shops, nicolae_diamond_shop, chequers_serial_rivers_micro_b
D:7:      layout_gridville
D:8:      layout_loops_corners, serial_glass, glass_columns_a, glass_columns_a,
          chequers_ossuary_entry_cave, nicolae_stop_n_shop_2, eino_tiny_chamber
Temple:   regret_index_temple_chain_breaker
Ossuary:  ossuary_the_hunt_dpeg

Skill      XL: |  1  2  3  4  5  6  7  8  9 |
---------------+----------------------------+-----
Fighting       | 1 2 3 4 5 6 7 |  7.7
Necromancy     | 5 6 7 8 |  8.2
Ranged Weapons | 1 3 |  3.8
Armour         | 1 3 |  3.8
Spellcasting   | 2 3 |  3.4
Dodging        | |  1.7
Stealth        | |  2.1

Action                     |  1- 3 |  4- 6 |  7- 9 || total
---------------------------+-------+-------+-------++-------
  Melee: Dagger            |    32 |   134 |       ||   166
         Punch             |     1 |     3 |     4 ||     8
         War axe           |       |     7 |    93 ||   100
   Fire: Sling             |       |       |    99 ||    99
   Cast: Necrotise         |    50 |    47 |   128 ||   225
         Animate Dead      |       |       |     1 ||     1
 Invoke: Unearth Wretches  |       |       |     1 ||     1
    Use: Potion            |     1 |     2 |     2 ||     5
         Scroll            |       |     1 |    10 ||    11
   Stab: Sleeping          |       |     1 |       ||     1
         Distracted        |       |       |     1 ||     1
         Paralysed         |       |       |     1 ||     1
 Armour: Robe              |     5 |    20 |       ||    25
         Animal skin       |       |    11 |       ||    11
         Ring mail         |       |     4 |   111 ||   115
  Dodge: Dodged            |    34 |    99 |   202 ||   335
